 Dungeon Crawl Stone Soup version 0.27.0-1-g7a089689b8 (webtiles) character file.

Game seed: 1805829545896621966

56 zarnack the Chopper (level 3, -1/30 HPs)
             Began as a Minotaur Gladiator on Aug 10, 2021.
             Slain by Ijyb (6 damage)
             ... on level 5 of the Dungeon.
             The game lasted 00:04:21 (569 turns).

zarnack the Chopper (Minotaur Gladiator)             Turns: 569, Time: 00:04:22

Health: -1/30      AC:  3    Str: 19    XL:     3   Next: 71%
Magic:  2/2        EV: 12    Int:  5    God:
Gold:   64         SH:  0    Dex: 11    Spells: 2/2 levels left

rFire    . . .     SeeInvis .   e - +0 lajatang
rCold    . . .     Faith    .   (shield currently unavailable)
rNeg     . . .     Spirit   .   g - +0 leather armour
rPois    .         Reflect  .   c - +0 hat
rElec    .         Harm     .   (no cloak)
rCorr    .         Rampage  .   (no gloves)
Will     .....                  (no boots)
Stlth    +.........             (no amulet)
HPRegen  0.10/turn              (no ring)
MPRegen  0.08/turn              (no ring)

@: no status effects
A: horns 2, retaliatory headbutt
a: no special abilities


You were on level 5 of the Dungeon.
You visited 1 branch of the dungeon, and saw 5 of its levels.

You collected 64 gold pieces.

Inventory:

Hand Weapons
 a - a +0 war axe
 e - a +0 lajatang (weapon)
 f - a +0 hand axe
 h - a +0 hand axe
Missiles
 d - 3 throwing nets (quivered)
Armour
 b - a +0 leather armour
 c - a +0 hat (worn)
 g - a +0 leather armour (worn)
Scrolls
 i - a scroll of identify
Potions
 j - a potion of brilliance {unknown}


   Skills:
 + Level 2.7 Fighting
 + Level 4.3 Axes
 + Level 1.0 Staves
 + Level 2.1 Throwing
 + Level 1.0 Armour
 + Level 4.0 Dodging


You had 2 spell levels left.
You didn't know any spells.
Your spell library was empty.

Dungeon Overview and Level Annotations

Branches:
Dungeon (5/15)
 Temple: D:4-7

Altars:

Annotations:
D:5 Ijyb


Innate Abilities, Weirdness & Mutations

You have a pair of horns on your head.
You reflexively headbutt those who attack you in melee.


Message History

Found a grey potion.
Found an escape hatch in the ceiling.
Found 20 stones and 5 gold pieces.
There is an open door here.
Your resistance to elements expires.
j - a grey potion You see here 20 stones.
You now have 64 gold pieces (gained 5).
You open the door.
There is an open door here.
Found a stone staircase leading up.
Found a stone staircase leading down.
There is a stone staircase leading down here.
You climb downwards.
Found a trident.
There is a stone staircase leading up here.
A hound comes into view.
The hound barks!
Ijyb the Twisted Goblin comes into view.
She is wielding a +0 club and carrying a wand of flame (19).
Ijyb shouts!
The hound misses you. You furiously retaliate!
You headbutt the hound, but do no damage.
You slash the hound!
You kill the hound!
Your Staves skill increases to level 1!
Your Armour skill increases to level 1!
Your Dodging skill increases to level 4!
Ijyb barely misses you.
You barely miss Ijyb. You headbutt Ijyb, but do no damage. Ijyb misses you.
You barely miss Ijyb. Ijyb completely misses you. Ijyb hits you with a +0 club.
You hit Ijyb. Your headbutt misses Ijyb.
Ijyb is lightly wounded.
Ijyb zaps a wand.
The puff of flame hits you.
You closely miss Ijyb.
Ijyb is lightly wounded.
Ijyb completely misses you. You furiously retaliate!
You headbutt Ijyb! You barely miss Ijyb.
Ijyb is heavily wounded.
Ijyb zaps a wand.
The puff of flame hits you!
* * * LOW HITPOINT WARNING * * *
Ijyb hits you with a +0 club.
You die...

### # ##.##
#.######..)## # #
#..<........##.#....
########....@g......
##..#....####
#..#.##.# #..#.# #
#..#.# #..#.# #..#.#
#..#..


You could see Ijyb.

Vanquished Creatures
  A hound (D:5)
  A dart slug (D:2)
  2 orcs (D:3)
  A bat (D:2)
  5 endoplasms
  A giant cockroach (D:2)
  4 jackals (D:3)
  2 quokkas
  2 ball pythons
  A frilled lizard (D:1)
  A rat (D:3)
21 creatures vanquished.

Vanquished Creatures (others)
  2 fungi (D:2)
  4 plants (D:2)
6 creatures vanquished.

Grand Total: 27 creatures vanquished

Notes
Turn   | Place    | Note
-------+----------+-------------------------------------------
     0 | D:1      | zarnack the Minotaur Gladiator began the quest for the Orb.
     0 | D:1      | Reached XP level 1. HP: 18/18 MP: 0/0
   124 | D:2      | Found a faded altar of an unknown god.
   178 | D:2      | Reached XP level 2. HP: 19/25 MP: 1/1
   480 | D:4      | Reached XP level 3. HP: 14/30 MP: 2/2
   554 | D:5      | Entered Level 5 of the Dungeon
   560 | D:5      | Noticed Ijyb
   563 | D:5      | Reached skill level 1 in Staves
   563 | D:5      | Reached skill level 1 in Armour
   569 | D:5      | Slain by Ijyb

Illustrated notes

Levels and vault maps discovered:
D:1:      tarquinn_simple_flora_water_f, layout_loops_ring
D:2:      layout_basic, shapermc_ecumenical_altar_gd, minmay_puff
D:3:      layout_loops_ring, mainiacjoe_overflow_24_doors
D:4:      minmay_diamond_boxcup, layout_loops_corners, uniq_edmund
D:5:      layout_loops_ring, uniq_pikel, uniq_blork_the_orc, uniq_ijyb

Skill      XL: |  1  2  3 |
---------------+----------+-----
Axes           | 4 |  4.3
Staves         | 1 |  1.0
Armour         | 1 |  1.0
Dodging        | 4 |  4.0
Fighting       | |  2.7
Throwing       | |  2.1

Action                   || total
-------------------------++-------
Melee: War axe           ||    16
       Headbutt          ||     7
       Lajatang          ||    20
  Use: Scroll            ||     2
       Potion            ||     1
Armor: Leather armour    ||     5
Dodge: Dodged            ||    24
